 Dungeon Crawl Stone Soup version 0.30-b1-2-g02819fbbbe (webtiles) character file.

Game seed: 5580969251118231337

9 Alarkh the Sneak (level 2, -1/24 HPs)
             Began as a Demonspawn Delver on May 22, 2023.
             Slain by an orc
             ... wielding a +1 hand axe of flaming
              (4 damage)
             ... on level 5 of the Dungeon.
             The game lasted 00:01:28 (355 turns).

Alarkh the Sneak (Demonspawn Delver)                 Turns: 355, Time: 00:01:29

Health: -1/24      AC:  5    Str: 12    XL:     2   Next: 3%
Magic:  2/2        EV: 10    Int: 11    God:
Gold:   0          SH:  0    Dex: 14    Spells: 1/1 levels left

rFire   . .          .
                       - Unarmed
rCold   . . .        (no shield)
rNeg    . . .        h - +0 ring mail
rPois   .            (no helmet)
rElec   .            (no cloak)
rCorr   .            (no gloves)
SInv    .            (no boots)
Will    .....        (no amulet)
Stlth   ++           (no ring)
HPRegen 0.24/turn    (no ring)
MPRegen 0.08/turn

%: no passive effects
@: hasted, very quick
A: ignite blood 1
a: no special abilities


You were on level 5 of the Dungeon.
You visited 1 branch of the dungeon, and saw 1 of its levels.

Inventory:

Armour
 a - a +0 leather armour
 h - a +0 ring mail (worn)
Wands
 f - a wand of digging (3)
Scrolls
 b - a scroll of fog
 c - a scroll of magic mapping
 d - a scroll of fear
 g - a scroll of silence {unknown}
 i - a scroll of butterflies {unknown}
Potions
 j - a potion of resistance


   Skills:
 - Level 3.0 Fighting
 - Level 1.7 Dodging
 - Level 4.5 Stealth
 + Level 2.5 Unarmed Combat


You had one spell level left.
You didn't know any spells.
Your spell library was empty.

Dungeon Overview and Level Annotations

Branches:
Dungeon (5/15)
 Temple: D:4-7

Altars:

Annotations:
D:5 4 runed translucent doors


Innate Abilities, Weirdness & Mutations

Your demonic aura sometimes causes spilled blood to erupt in flames.


Message History

The adder bites you but does no damage.
You hit the adder.
You kill the adder!
You start to feel less resistant.
Your Unarmed Combat skill increases to level 2!
You have reached level 2!
Your demonic ancestry asserts itself...
Your blood heats up.
You barely miss the orc.
The orc hits you with a +1 hand axe of flaming.
* * * LOW HITPOINT WARNING * * *
You hit the orc.
The orc is heavily wounded.
You hit the orc.
The orc is severely wounded.
The orc barely misses you.
You closely miss the orc.
The orc is severely wounded.
The orc hits you with a +1 hand axe of flaming.
* * * LOW HITPOINT WARNING * * *
You hit the orc.
The orc is almost dead.
You barely miss the orc.
The orc is almost dead.
The orc hits you but does no damage.
You closely miss the orc.
The orc is almost dead.
You closely miss the orc. Your punch misses the orc.
The orc is almost dead.
Your resistance to elements expires.
The orc closely misses you.
You barely miss the orc.
The orc is almost dead.
The orc hits you but does no damage.
You hit the orc but do no damage.
The orc is almost dead.
You closely miss the orc.
The orc is almost dead.
The orc hits you with a +1 hand axe of flaming.
You die...

########.# ##.## #.# ##.##
#.# ##.## #.## ##.## #
##..# #..#### ##..##
##..... .o #..##
#######...## #.########.##
##........## o#..S...##.@#
##..#####..##
......S.##o####..## ##..##
##++##..#..##..## ##..#
##8..8##.##....## #...
#8....8#.##...#### ##.##
#$....o#.........## #..##
#)....o#..........# ##...#
#8....8#.#........# ##....#
#8..8##.#.##.##..####..##.#


You could see an orc.

Vanquished Creatures
  An adder (D:5)
1 creature vanquished.

Notes
Turn   | Place    | Note
-------+----------+-------------------------------------------
     0 | D:5      | Alarkh the Demonspawn Delver began the quest for the Orb.
     0 | D:5      | Reached XP level 1. HP: 18/18 MP: 1/1
   232 | D:5      | Noticed an orc warrior
   233 | D:5      | Found a large runed translucent door.
   233 | D:5      | Noticed an orc warrior
   234 | D:5      | Found a large runed translucent door.
   254 | D:5      | Noticed an ogre
   295 | D:5      | Found a large runed translucent door.
   297 | D:5      | Found a large runed translucent door.
   300 | D:5      | Found the +9 sword of Power {lifebolt}
   314 | D:5      | Noticed an orc wizard
   345 | D:5      | Gained mutation: Your demonic aura sometimes causes spilled
                  | blood to erupt in flames. [demonic ancestry]
   345 | D:5      | Reached XP level 2. HP: 6/24 MP: 2/2
   355 | D:5      | Slain by an orc

Illustrated notes

Levels and vault maps discovered:
D:5:      layout_layer_cave, minmay_hollow_rounded_squares

Skill      XL: |  1 |
---------------+----+-----
Unarmed Combat | 2 |  2.5
Fighting       | |  3.0
Dodging        | |  1.7
Stealth        | |  4.5

Action                     || total
---------------------------++-------
  Melee: Unarmed           ||    29
         Punch             ||     1
    Use: Potion            ||     2
 Armour: Ring mail         ||     9
  Dodge: Dodged            ||     7
